 Dungeon Crawl Stone Soup version 0.21-a0-442-g848f44b (webtiles) character file.

13752 Inectha the Markscentaur (level 11, -14/104 HPs)
             Began as a Centaur Hunter on Nov 12, 2017.
             Was a Priest of Yredelemnul.
             Demolished by a komodo dragon (19 damage)
             ... on level 3 of the Lair of Beasts.
             The game lasted 02:59:06 (14971 turns).

Inectha the Markscentaur (Centaur Hunter)          Turns: 14971, Time: 02:59:08

Health: -14/104    AC: 14    Str: 14    XL:     11   Next: 79%
Magic:  11/11      EV:  9    Int: 10    God:    Yredelemnul [***...]
Gold:   421        SH:  0    Dex: 14    Spells: 10/10 levels left

rFire    . . .     SeeInvis +   b - +0 lajatang
rCold    + . .     Gourm    .   (shield currently unavailable)
rNeg     . . .     Faith    .   y - +4 troll leather armour {Purgy}
rPois    .         Spirit   .   M - +2 helmet
rElec    .         Reflect  .   k - +0 cloak
rCorr    .         Harm     .   v - +0 pair of gloves
MR       .....                  (no barding)
Stlth    +.........             (no amulet)
HPRegen  0.67/turn              l - ring of protection from cold
MPRegen  0.12/turn              x - ring of see invisible

@: very quick
A: hooves 3, deformed body, speed 2, tough skin 3
a: Recall Undead Slaves, Injury Mirror, Animate Dead, Renounce Religion


You were on level 3 of the Lair of Beasts.
You worshipped Yredelemnul.
Yredelemnul was most pleased with you.
You were not hungry.

You visited 2 branches of the dungeon, and saw 11 of its levels.
You also visited: Sewer.

You collected 421 gold pieces.

Inventory:

Hand Weapons
 a - a +5 shortbow
 b - a +0 lajatang (weapon)
 g - a +1 hand crossbow of velocity
 A - a +1 scimitar of flaming
 C - a +0 shortbow
 I - a +1 short sword of protection
Missiles
 d - 85 arrows
 q - 154 stones (quivered)
 s - 44 bolts
Armour
 j - the +1 ring mail of the Endless Expanse {rF- MR+++ Dex-2 Slay+2}
   (You found it on level 8 of the Dungeon)

   It affects your dexterity (-2).
   It affects your accuracy and damage with ranged weapons and melee attacks
   (+2).
   It makes you vulnerable to fire.
   It affects your resistance to hostile enchantments.
 k - a +0 cloak (worn)
 v - a +0 pair of gloves (worn)
 y - a +4 troll leather armour (worn) {Purgy}
 J - the +1 scale mail "Bickeewo" {rPois}
   (You found it on level 7 of the Dungeon)

   It protects you from poison.
 M - a +2 helmet (worn)
Jewellery
 l - a ring of protection from cold (left hand)
 x - a ring of see invisible (right hand)
 B - an uncursed ring of flight
 D - an uncursed ring of wizardry {unknown}
 L - an uncursed ring of positive energy {unknown}
 O - an uncursed ring of see invisible
Wands
 c - a wand of flame (34/48)
 G - a wand of scattershot (2/9)
 K - a wand of polymorph (10/24)
Scrolls
 e - 3 scrolls of teleportation
 i - a scroll of magic mapping
 u - 2 scrolls of recharging
 H - 3 scrolls of amnesia
 P - a scroll of fog {unknown}
Potions
 m - 3 potions of mutation
 n - a potion of cancellation {unknown}
 o - 2 potions of degeneration {unknown}
 p - a potion of brilliance {unknown}
 t - a potion of agility
 w - 3 potions of lignification {unknown}
 E - a potion of flight {unknown}
 F - a potion of ambrosia {unknown}
Books
 N - a book of Transfigurations

   Spells                             Type                      Level
   a - Irradiate                      Conjuration/Transmutation    5
   b - Statue Form                    Transmutation/Earth          6
   c - Hydra Form                     Transmutation                6
   d - Dragon Form                    Transmutation                7
Comestibles
 f - 2 bread rations
 h - 3 meat rations
 r - 3 fruits
 z - 3 royal jellies


   Skills:
 + Level 11.8 Fighting
 - Level 0.3(1.8) Short Blades
 + Level 2.8(2.9) Long Blades
 + Level 18.0 Bows
 - Level 0.9 Armour
 - Level 1.5 Dodging
 - Level 0.5 Stealth


You had 10 spell levels left.
You didn't know any spells.

Dungeon Overview and Level Annotations

Branches:
Dungeon (8/15)             Temple (0/1) D:6            Lair (3/6) D:8
 Shoals (0/4) Lair:2
  Snake: Lair:2-4    Spider: Lair:2-4

Altars:
Dithmenos
Hepliaklqana
Qazlal
Vehumet
Yredelemnul

Shops:
D:7 :   D:8 %

Annotations:
Lair:3 Rhok's ghost, journeyman HOFi


Innate Abilities, Weirdness & Mutations

You have hooves in place of feet.
Armour fits poorly on your strangely shaped body.
You cover ground very quickly.
You have extremely tough skin. (AC +3)


Message History

The water moccasin bites you but does no damage.
Your yak zombie gores the water moccasin but does no damage.
Your merfolk siren zombie hits the water moccasin with a spear!
The water moccasin dies!
Yredelemnul accepts your kill.
d - 85 arrows (gained 1)
You swap places.
You swap places.
There is a stone staircase leading down here.
There is a stone staircase leading down here.
You climb downwards.
Your mindless thralls stay behind.
Level annotation: Rhok's ghost, journeyman HOFi The death yak gores you!
The komodo dragon bites you! Rhok's ghost hits you!! The death yak gores you!!
* * * LOW HITPOINT WARNING * * *
The death yak gores you!
* * * LOW HITPOINT WARNING * * *
The komodo dragon bites you!!
You die...
Your body rises from the dead as a mindless zombie.

. ####.....)...(...#
..#..#.............###
..............$..(.#.
#...................
####.........(......
##.....(.......... .
#........>........
..PP###YY.S.............
......l@WY........(.....
......Y..[..............
........................
.....................#..
.....................###
#....................#
...................>.#
#....................#
##.##!............#


You could see 4 death yaks, a komodo dragon, a water moccasin and Rhok's ghost.

Vanquished Creatures
  A hydra (Lair:1)
  Erica (Lair:2)
  A two-headed ogre (D:8)
  Pikel (D:4)
  3 merfolk sirens (Lair:2)
  6 spiny frogs
  5 komodo dragons
  A merfolk (Lair:2)
  4 hippogriffs (Lair:1)
  Sigmund (D:3)
  3 wyverns
  6 yaks (Lair:2)
  A steam dragon (D:7)
  Menkaure (D:4)
  3 water moccasins
  2 porcupines
  Purgy (Sewer)
  2 sky beasts
  3 ice beasts
  An orc warrior (D:7)
  2 phantoms
  3 slaves (D:4)
  A black bear (Lair:2)
  3 ogres
  3 wolves (Lair:2)
  2 centaurs
  2 crocodiles (Lair:1)
  7 bullfrogs
  A wyvern zombie (D:7)
  A water moccasin zombie (D:5)
  2 scorpions
  8 killer bees (D:7)
  A wight (D:8)
  An electric eel (D:8)
  3 crimson imps
  4 hounds
  Crazy Yiuf (D:4)
  2 centaur zombies
  7 orc priests
  5 orc wizards
  A centaur skeleton (D:7)
  Ijyb (D:4)
  Terence (D:3)
  3 iguanas
  6 worker ants
  A hound zombie (D:5)
  7 adders
  A howler monkey skeleton (D:7)
  A river rat (D:3)
  An ooze (D:2)
  An adder zombie (D:6)
  An adder skeleton (D:4)
  3 worms
  A dart slug (D:1)
  4 leopard geckos
  9 orcs
  2 ball pythons
  6 giant cockroaches
  6 goblins
  7 hobgoblins
  7 jackals
  13 kobolds
  A quokka (D:2)
  4 bats
  8 frilled lizards
  10 rats
  3 fungi (D:4)
  A plant (D:8)
216 creatures vanquished.

Vanquished Creatures (collateral kills)
  2 spiny frogs
  2 water moccasins (Lair:2)
  3 bullfrogs
  A killer bee (D:7)
  A crimson imp (D:7)
9 creatures vanquished.

Vanquished Creatures (others)
  A spiny frog zombie (Lair:2)
  A human skeleton (Lair:2)
  A komodo dragon zombie (Lair:3)
  A wight (Lair:1)
  A wolf zombie (Lair:2)
  A bullfrog skeleton (Lair:2)
  A porcupine zombie (Lair:3)
  A worker ant (D:8)
  4 killer bee zombies (D:7)
  A crocodile skeleton (Lair:1)
  A howler monkey skeleton (D:5)
  8 fungi
  7 plants
29 creatures vanquished.

Grand Total: 254 creatures vanquished

Notes
Turn   | Place    | Note
-------+----------+-------------------------------------------
     0 | D:1      | Inectha the Centaur Hunter began the quest for the Orb.
     0 | D:1      | Reached XP level 1. HP: 17/17 MP: 1/1
    70 | D:1      | Reached XP level 2. HP: 24/24 MP: 2/2
   125 | D:1      | Reached skill level 6 in Bows
   984 | D:1      | Reached XP level 3. HP: 29/29 MP: 3/3
  2091 | D:2      | Found a faded altar of an unknown god.
  2599 | D:2      | Reached XP level 4. HP: 32/37 MP: 4/4
  2629 | D:2      | Became a worshipper of Yredelemnul the Dark
  2629 | D:2      | Reached * piety under Yredelemnul
  3020 | D:3      | Noticed Terence
  3092 | D:3      | Killed Terence
  3283 | D:3      | Reached skill level 7 in Bows
  3496 | D:3      | Found a glowing drain.
  3504 | Sewer    | Entered a sewer
  3538 | Sewer    | Noticed Purgy
  3567 | Sewer    | Killed Purgy
  3567 | Sewer    | Reached XP level 5. HP: 28/46 MP: 5/5
  3764 | D:3      | Noticed Sigmund
  3955 | D:4      | Noticed Menkaure
  4017 | D:4      | Reached XP level 6. HP: 44/52 MP: 6/6
  4102 | D:4      | Noticed a slave
  4103 | D:4      | Noticed Pikel
  4147 | D:4      | Noticed Ijyb
  4224 | D:4      | Killed a slave
  4233 | D:4      | HP: 2/52 [Ijyb/wand of flame (?/48) (7)]
  4238 | D:4      | Noticed a slave
  4248 | D:4      | Reached skill level 8 in Bows
  4270 | D:4      | Killed a slave
  4370 | D:4      | Noticed a slave
  4437 | D:4      | Killed a slave
  4438 | D:4      | Killed Pikel
  4438 | D:4      | Reached skill level 5 in Fighting
  4438 | D:4      | Reached skill level 9 in Bows
  4438 | D:4      | Reached XP level 7. HP: 22/61 MP: 7/7
  4459 | D:4      | Killed Menkaure
  4459 | D:4      | Reached ** piety under Yredelemnul
  4459 | D:4      | Reached skill level 10 in Bows
  4628 | D:4      | Killed Ijyb
  4865 | D:4      | Reached XP level 8. HP: 54/69 MP: 8/8
  5121 | D:4      | Found a runed door.
  5126 | D:4      | Noticed Crazy Yiuf
  5170 | D:4      | Killed Crazy Yiuf
  5526 | D:5      | Entered Level 5 of the Dungeon
  5538 | D:5      | Reached skill level 11 in Bows
  5548 | D:5      | Found a shadowy altar of Dithmenos.
  5609 | D:5      | Found a hazy altar of Hepliaklqana.
  5933 | D:5      | Reached skill level 12 in Bows
  6846 | D:3      | Killed Sigmund
  7110 | D:6      | Found a staircase to the Ecumenical Temple.
  7871 | D:7      | Reached XP level 9. HP: 51/78 MP: 9/9
  7941 | D:7      | Reached skill level 13 in Bows
  8090 | D:7      | Found Fanwua's Book Emporium.
  8214 | D:7      | Found a radiant altar of Vehumet.
  8215 | D:7      | Found a stormy altar of Qazlal.
  8217 | D:7      | Reached *** piety under Yredelemnul
  8351 | D:7      | Reached skill level 14 in Bows
  8703 | D:7      | Got a smoking scale mail
  8894 | D:7      | Identified the +1 scale mail "Bickeewo" {rPois} (You found it on level 7 of the Dungeon)
  9098 | D:8      | Noticed a two-headed ogre
  9136 | D:8      | Found a staircase to the Lair.
  9137 | D:8      | Noticed a komodo dragon
  9179 | D:8      | Killed a komodo dragon
  9179 | D:8      | Reached skill level 15 in Bows
  9320 | D:8      | Killed a two-headed ogre
  9320 | D:8      | Reached XP level 10. HP: 90/90 MP: 10/10
  9456 | D:8      | Found Plog's Food Emporium.
  9742 | D:8      | Noticed Prince Ribbit
 10993 | D:8      | Got a transparent ring mail
 11326 | Lair:1   | Entered Level 1 of the Lair of Beasts
 11343 | Lair:1   | Noticed a spiny frog
 11351 | Lair:1   | Killed a spiny frog
 11351 | Lair:1   | Reached skill level 16 in Bows
 11389 | Lair:1   | Identified the cursed +1 ring mail of the Endless Expanse {rF- MR+++ Dex-2 Slay+2} (You found it on level 8 of the Dungeon)
 11609 | Lair:1   | Reached skill level 10 in Fighting
 11609 | Lair:1   | Received a gift from Yredelemnul (a wight)
 11932 | Lair:1   | Noticed an eight-headed hydra
 12000 | Lair:1   | Killed an eight-headed hydra
 12000 | Lair:1   | Reached XP level 11. HP: 101/101 MP: 11/11
 12308 | Lair:1   | Reached skill level 17 in Bows
 13089 | Lair:2   | Noticed Erica
 13123 | Lair:2   | Killed Erica
 13595 | Lair:2   | Your ally Erica died
 13653 | Lair:2   | Reached skill level 1 in Long Blades
 14314 | Lair:2   | Found a staircase to the Shoals.
 14671 | Lair:3   | Reached skill level 18 in Bows
 14892 | Lair:3   | Noticed a death yak
 14894 | Lair:3   | Noticed a death yak
 14895 | Lair:3   | Noticed Rhok's ghost (journeyman HOFi)
 14896 | Lair:3   | Noticed a death yak
 14898 | Lair:3   | Noticed a death yak
 14971 | Lair:3   | HP: 5/104 [death yak (17)]
 14971 | Lair:3   | Demolished by a komodo dragon

Vault maps used:
D:1:      lordsloth_arrival_two_stooges, minivault_23, lexackson_kobold_supper
D:2:      first_bread, chequers_ecumenical_altar_island
D:3:      lightli_sewer_entry_pipes, minmay_misc_feat_iff, uniq_terence,
          uniq_sigmund
D:4:      uniq_menkaure, uniq_crazy_yiuf_cottage, uniq_pikel, uniq_ijyb
D:5:      overflow_temple_1_default, nicolae_overflow_crystal_walls,
          nicolae_underground_beach
D:6:      minmay_temple_entry_purple_smoke
D:7:      chequers_temple_overflow_statue_of_worship, serial_shops,
          kennysheep_little_box
D:8:      david_lair_shrubbed, serial_bayou, serial_bayou_shore_b,
          serial_bayou_pond_e, serial_bayou_pond_d, serial_bayou_pond_b,
          serial_shops, nicolae_shop_crystal, hangedman_abyss_or_decor_passed,
          grunt_tough_drop, uniq_prince_ribbit1
Lair:1:   enter_volcano_4, infiniplex_staircase_pool
Lair:2:   elwin_shoals_entry_stream, serial_bayou_pond_e, serial_bayou_shore_b,
          uniq_erica
Lair:3:   spider_nest_entry_webs, infiniplex_staircase_pool_2
Sewer:    sewer_co_purgy_island

Skill      XL: |  1  2  3  4  5  6  7  8  9 10 11 |
---------------+----------------------------------+-----
Bows           | 6 7 9 10 12 15 16 18 | 18.0
Fighting       | 3 4 5 6 8 10 11 | 11.8
Long Blades    | 2 |  2.8
Short Blades   | |  0.3
Armour         | |  0.9
Dodging        | |  1.5
Stealth        | |  0.5

Action                   |  1- 3 |  4- 6 |  7- 9 | 10-12 || total
-------------------------+-------+-------+-------+-------++-------
Melee: Short sword       |    69 |    72 |    49 |       ||   190
       Kick              |    18 |    18 |    35 |    17 ||    88
       Lajatang          |       |       |    50 |    40 ||    90
       Scimitar          |       |       |       |     6 ||     6
 Fire: Shortbow          |   105 |   108 |   275 |   358 ||   846
Throw: Stone             |       |     1 |     3 |       ||     4
Invok: Animate Remains   |       |       |     1 |       ||     1
       Animate Dead      |       |       |     1 |    12 ||    13
       Recall Undead Sla |       |       |       |     3 ||     3
Evoke: Wand              |       |       |     2 |     4 ||     6
  Use: Scroll            |     1 |    11 |     9 |     8 ||    29
       Potion            |       |     2 |     5 |     2 ||     9
 Stab: Distracted        |       |       |       |     1 ||     1
  Eat: Meat ration       |     1 |       |       |       ||     1
       Royal jelly       |       |     1 |     3 |       ||     4
       Chunk             |       |     1 |     6 |     3 ||    10
       Bread ration      |       |       |       |     4 ||     4
Armor: Leather armour    |    43 |       |       |       ||    43
       Ring mail         |     6 |    48 |       |       ||    54
       Troll leather arm |       |    14 |    65 |    71 ||   150
Dodge: Dodged            |    69 |    60 |    69 |    78 ||   276
       Rpst.: Scimitar   |       |       |       |     1 ||     1

Table legend:
 A = Spawn XP
 B = Non-spawn XP
 C = Spawn XP percentage of total XP
 D = Spawn monster count
 E = Non-spawn monster count
 F = Spawn count percentage of total count
 G = Total turns spent on level
                    A         B        C        D         E        F      G
               +---------+---------+-------+---------+---------+-------+---------
         Total |       0 |   19647 |   0.0 |       0 |     218 |   0.0 | 14971
               +---------+---------+-------+---------+---------+-------+---------
           D:1 |       0 |      51 |   0.0 |       0 |      27 |   0.0 |  1829
           D:2 |       0 |      71 |   0.0 |       0 |      24 |   0.0 |  1174
           D:3 |       0 |     314 |   0.0 |       0 |      16 |   0.0 |   867
           D:4 |       0 |    1182 |   0.0 |       0 |      18 |   0.0 |  1707
           D:5 |       0 |     561 |   0.0 |       0 |      15 |   0.0 |  1284
           D:6 |       0 |     354 |   0.0 |       0 |      11 |   0.0 |  1018
           D:7 |       0 |    2332 |   0.0 |       0 |      34 |   0.0 |  1626
           D:8 |       0 |    2749 |   0.0 |       0 |      21 |   0.0 |  1600
        Lair:1 |       0 |    5350 |   0.0 |       0 |      19 |   0.0 |  1615
        Lair:2 |       0 |    5976 |   0.0 |       0 |      24 |   0.0 |  1806
        Lair:3 |       0 |     560 |   0.0 |       0 |       3 |   0.0 |   224
         Sewer |       0 |     147 |   0.0 |       0 |       6 |   0.0 |   221
               +---------+---------+-------+---------+---------+-------+---------
